 Dungeon Crawl Stone Soup version 0.19.1-1-g22dce08 (webtiles) character file.

19 M4edhros the Poker (level 2, -1/18 HPs)
             Began as an Octopode Chaos Knight on Jan 3, 2017.
             Slain by a leopard gecko (4 damage)
             ... on level 1 of the Dungeon.
             The game lasted 00:01:38 (2146 turns).

M4edhros the Poker (Octopode Chaos Knight)          Turns: 2146, Time: 00:01:38

Health: -1/18      AC:  1    Str:  7 (9)  XL:     2   Next: 75%
Magic:  2/2        EV: 13    Int: 12      God:    Xom [....*.]
Gold:   0          SH:  0    Dex:  9      Spells: 1 memorised, 0 levels left

rFire  . . .     SeeInvis .     a - +0 spear (chaos)
rCold  . . .     Gourm    .     (no shield)
rNeg   . . .     Faith    .     (helmet restricted)
rPois  .         Spirit   .     (no amulet)
rElec  .         Reflect  .     (no ring)
rCorr  .         Harm     .     (no ring)
MR     .....                    (no ring)
Stlth  ++........               (no ring)
                                (no ring)
                                (no ring)
                                (no ring)
                                (no ring)

@: no status effects
A: almost no armour, stealthy swim, amphibious, 8 rings, constrict 8, camouflage
1, blurry vision 1, clumsy 1, dopey 1, frail 1, weak 1, gelatinous body 1
a: Renounce Religion


You were on level 1 of the Dungeon.
You worshipped Xom.
You were a beloved toy of Xom.
You were near starving.

You visited 1 branch of the dungeon, and saw 1 of its levels.

Inventory:

Hand Weapons
 a - a +0 spear of chaos (weapon)
Scrolls
 c - a scroll of identify {unknown}
 e - 2 scrolls of remove curse {unknown}
Books
 d - Xom's Volume of the Onion
   (Xom gifted it to you on level 1 of the Dungeon)

   Spells                             Type                      Level
   a - Infusion                       Charms                       1
   b - Confusing Touch                Hexes                        1
   c - Corona                         Hexes                        1
   d - Song of Slaying                Charms                       2
   e - Confuse                        Hexes                        3
   f - Gell's Gravitas                Hexes/Translocation          3
   g - Inner Flame                    Hexes/Fire                   3
Comestibles
 b - a bread ration


   Skills:
 - Level 3.0 Fighting
 - Level 3.8 Polearms
 - Level 2.3 Dodging
 + Level 0.6 Unarmed Combat


You couldn't memorise any spells.
You knew the following spells:

 Your Spells              Type           Power        Failure   Level  Hunger
a - Confusing Touch       Hex            #.....       34%         1    ##.....


Dungeon Overview and Level Annotations

Branches:
Dungeon (1/15)

Altars:


Innate Abilities, Weirdness & Mutations

You cannot wear most types of armour.
You are very stealthy in the water. (Stealth+)
You are amphibious.
You can wear up to eight rings at the same time.
You can use your tentacles to constrict eight enemies at once.
Your skin changes colour to match your surroundings (Stealth+).
Your rubbery body absorbs attacks. (AC +1, EV +1)
Scrolls take you a little longer to read.
You are clumsy. (Dex -2)
You are dopey. (Int -2)
You are frail. (-10% HP)
You are weak. (Str -2)


Message History

Evoke which item? (* to show all) (? for menu, Esc to quit)
Okay, then.
Okay, then.
Okay, then.
You barely miss the jackal. You grab the jackal.
Your squeeze misses the jackal. You constrict the jackal.
The jackal closely misses you.
Unknown command.
You hit the jackal. You burn the jackal. You squeeze the jackal.
The jackal is severely wounded.
You constrict the jackal. The jackal bites you.
* * * LOW HITPOINT WARNING * * *
Unknown command.
You hit the jackal.
You kill the jackal!
Unknown command.
You barely miss the leopard gecko. Your grab misses the leopard gecko.
The leopard gecko bites you.
You die... "It's not fun and games unless someone loses an eye."

*,,,,,,,,,,** *
*,,.......,,..#########**
**,,.....(.,##..........,
****,,,.......,#...........,*
#..,..........##.....?.....,*
#.##....................... ,,
#..PPP≈.......#............,,
###≈≈≈≈≈P≈......##...†......., ,,
*P≈≈≈≈♣♣≈≈......@l....†......,>,,
##P≈≈♣*♣≈PP..#####.K.........,
..P≈P♣ ♣≈≈≈...,,*#....†......
...≈≈♣ ♣≈PPP#**,*#####......., ,
.##P≈♣♣♣P≈P.# ,* *#......,,,
...P≈P♣≈≈PP.# **,# **,...... ,,
###.≈P≈b≈P..####.####.,......** *
##.≈P.P.............,...#..,,
#####..#...###......h,,..#..*,*


You could see a leopard gecko and a kobold.

Vanquished Creatures
  An adder (D:1)
  2 goblins (D:1)
  A hobgoblin (D:1)
  A jackal (D:1)
  2 bats (D:1)
  A kobold (D:1)
  4 rats (D:1)
12 creatures vanquished.

Notes
Turn   | Place    | Note
-------+----------+-------------------------------------------
     0 | D:1      | M4edhros the Octopode Chaos Knight began the quest for the Orb.
     0 | D:1      | Reached XP level 1. HP: 16/16 MP: 1/1
   378 | D:1      | XOM: divination: detect creatures
   607 | D:1      | XOM: 1-stop teleportation journey
   675 | D:1      | XOM is BORED!
   675 | D:1      | XOM: stat loss: -2 Str (9/11)
   726 | D:1      | XOM: 1-stop teleportation journey
   819 | D:1      | XOM: give mutation
   819 | D:1      | Gained mutation: You are frail. (-10% HP) [Xom's mischief]
  1484 | D:1      | XOM: give mutations
  1484 | D:1      | Gained mutation: You are dopey. (Int -2) [Xom's mischief]
  1484 | D:1      | Gained mutation: You are weak. (Str -2) [Xom's mischief]
  1484 | D:1      | Gained mutation: You are clumsy. (Dex -2) [Xom's mischief]
  1484 | D:1      | Gained mutation: Scrolls take you a little longer to read. [Xom's mischief]
  1895 | D:1      | XOM: butterfly on damage
  1900 | D:1      | Reached XP level 2. HP: 5/18 MP: 2/2
  1911 | D:1      | XOM: smoke on damage
  1930 | D:1      | XOM: medium Fire miscast
  1996 | D:1      | XOM: divination: magic mapping
  2018 | D:1      | XOM: harmless Necr miscast
  2089 | D:1      | Identified Xom's Volume of the Onion (Xom gifted it to you on level 1 of the Dungeon)
  2089 | D:1      | XOM: god gift: Xom's Volume of the Onion
  2093 | D:1      | Learned a level 1 spell: Confusing Touch
  2118 | D:1      | XOM: god gift: scroll labeled KIOTYN MUHYN {god gift}
  2146 | D:1      | Slain by a leopard gecko

Action                   || total
-------------------------++-------
Melee: Spear             ||    34
       Constrict         ||     7
       Tentacles         ||     6
  Use: Scroll            ||     1
  Eat: Chunk             ||     2
Armor: Skin              ||     5
Dodge: Dodged            ||    18
